 Dungeon Crawl Stone Soup version 0.26.1-2-gb8aa6d0cf2 (webtiles) character file.

Game seed: 17894280000838084415

1538 promet the Covert (level 8, -4/55 HPs)
             Began as an Octopode Brigand on Feb 25, 2021.
             Was a Follower of Wu Jian.
             Slain by a wight
             ... wielding a +0 halberd
              (14 damage)
             ... on level 6 of the Dungeon.
             The game lasted 00:30:54 (5870 turns).

promet the Covert (Octopode Brigand)                Turns: 5870, Time: 00:30:55

Health: -4/55      AC:  1    Str: 11    XL:     8   Next: 86%
Magic:  8/8        EV: 14    Int: 13    God:    Wu Jian [*.....]
Gold:   158        SH:  5    Dex: 15    Spells: 6/7 levels left

rFire    . . .     SeeInvis .   a - +2 dagger (elec)
rCold    . . .     Faith    .   (no shield)
rNeg     . . .     Spirit   .   (helmet restricted)
rPois    .         Reflect  +   i - amulet of reflection
rElec    .         Harm     .   (no ring)
rCorr    .         Rampage  .   (no ring)
Will     .....                  (no ring)
Stlth    ++++++....             (no ring)
HPRegen  0.18/turn              (no ring)
MPRegen  0.11/turn              (no ring)
                                (no ring)
                                (no ring)

@: about to teleport, mesmerised, hasted, very quick
A: almost no armour, stealthy swim, amphibious, 8 rings, constrict 8, camouflage
1, gelatinous body 1
a: Renounce Religion


You were on level 6 of the Dungeon.
You worshipped Wu Jian.
Wu Jian was aware of your devotion.
You visited 1 branch of the dungeon, and saw 6 of its levels.

You collected 301 gold pieces.
You spent 143 gold pieces at shops.

Inventory:

Hand Weapons
 a - a +2 dagger of electrocution (weapon)
 b - a +0 fustibalus
 d - a +0 hunting sling
 e - a +2 dagger
 q - a +0 rapier
 r - a +0 halberd
 w - a +0 dagger of draining
Missiles
 c - a curare-tipped dart (quivered)
 h - 201 stones
 y - 37 poisoned darts
 D - 3 boomerangs
Jewellery
 g - an uncursed ring of fire
 i - an amulet of reflection (around mantle)
 k - an uncursed amulet of faith
 v - an uncursed ring of protection from fire {unknown}
Wands
 o - a wand of digging (4)
 t - a wand of disintegration (40)
 F - a wand of flame (13)
Scrolls
 j - a scroll of teleportation
 m - 2 scrolls of remove curse
 n - a scroll of blinking
 z - a scroll of identify
 B - a scroll of enchant armour {unknown}
 G - a scroll of noise {unknown}
Potions
 f - a potion of curing
 p - a potion of degeneration {unknown}
 s - 2 potions of magic {unknown}
 u - a potion of resistance {unknown}
 x - 2 potions of brilliance {unknown}
 A - a potion of flight
 C - a potion of mutation {unknown}
 E - a potion of lignification {unknown}


   Skills:
 * Level 5.2 Fighting
 + Level 4.6 Short Blades
 + Level 2.1(2.9) Slings
 + Level 2.9(3.2) Throwing
 + Level 2.3 Dodging
 + Level 11.6 Stealth
 + Level 0.5 Shields


You had 6 spell levels left.
You knew the following spells:

 Your Spells              Type           Power        Failure   Level
a - Corona                Hex            0%           30%         1

Your spell library contained the following spells:

 Spells                   Type           Power        Failure   Level
 Freeze                   Ice            0%           30%         1
 Ensorcelled Hibernation  Hex/Ice        0%           43%         2
 Confusing Touch          Hex            0%           67%         3
 Dazzling Flash           Conj/Hex       0%           67%         3
 Frozen Ramparts          Ice            0%           67%         3
 Ozocubu's Armour         Ice            0%           67%         3
 Tukima's Dance           Hex            0%           67%         3
 Hailstorm                Conj/Ice       0%           97%         4
 Summon Ice Beast         Ice/Summ       0%           97%         4


Dungeon Overview and Level Annotations

Branches:
Dungeon (6/15)             Temple (0/1) D:5

Altars:
Ashenzari
Cheibriados
Hepliaklqana
Trog
Uskayaw
Wu Jian
Xom
Yredelemnul

Shops:
D:4 }

Annotations:
D:6 Maggie


Innate Abilities, Weirdness & Mutations

You cannot wear most types of armour.
You are very stealthy in the water. (Stealth+)
You are amphibious.
You can wear up to eight rings at the same time.
You can use your tentacles to constrict eight enemies at once.
Your skin changes colour to match your surroundings (Stealth+).
Your rubbery body absorbs attacks. (AC +1, EV +1)


Message History

You feel better.
You constrict Maggie, but do no damage.
You constrict the worker ant, but do no damage.
You block Maggie's attack. The worker ant closely misses you.
You hit Maggie but do no damage. You squeeze Maggie, but do no damage.
Maggie is heavily wounded.
You constrict Maggie, but do no damage.
You constrict the worker ant, but do no damage.
You hit Maggie but do no damage.
Maggie is heavily wounded.
You constrict Maggie, but do no damage.
You constrict the worker ant, but do no damage.
You block the worker ant's attack.
Maggie points at you and mumbles some strange words.
The bolt of fire hits you!!
* * * LOW HITPOINT WARNING * * *
As you read the scroll of teleportation, it crumbles to dust.
You feel strangely unstable.
You constrict Maggie. You constrict the worker ant.
The wight hits you from afar with a +0 halberd!
You die...

#..###....##.............##.....#
..# #...#.........[......###...##
## #.......#...#.######### #..##
#######.#...#.# ########.##
#.#...#.# #.##.....#
.#.).#.####.#..#####
.#####.#......## .# #(#....###
#@#.#..# #.#####@BO..##
###.....oo.z.## #.#######(.(..#
#.# #.(z(.### #.#######...(....
##........(((..###
######!.....###.....#
....<..<....###.....#


You could see Maggie (mesmerising), an ogre, a worker ant, 2 wights, an orc
wizard and an orc.

Vanquished Creatures
  Sigmund (D:3)
  Menkaure (D:6)
  An ice beast (D:5)
  A phantom (D:6)
  2 ogres
  A centaur (D:5)
  Blork the orc (D:6)
  2 scorpions
  A jelly (D:5)
  2 hounds
  An orc priest (D:5)
  A centaur skeleton (D:2)
  An iguana (D:6)
  Ijyb (D:3)
  2 orc wizards
  7 worker ants
  A hound zombie (D:6)
  A hound skeleton (D:4)
  Robin (D:3)
  7 gnolls
  5 adders
  A shadow imp (D:5)
  A white imp (D:6)
  A worm (D:4)
  2 dart slugs
  3 leopard geckos
  11 orcs
  5 giant cockroaches
  22 goblins
  13 hobgoblins
  4 ball pythons
  6 bats
  4 frilled lizards
  7 kobolds
  A quokka skeleton (D:4)
  A quokka zombie (D:6)
  6 rats
129 creatures vanquished.

Notes
Turn   | Place    | Note
-------+----------+-------------------------------------------
     0 | D:1      | promet the Octopode Brigand began the quest for the Orb.
     0 | D:1      | Reached XP level 1. HP: 14/14 MP: 1/1
   235 | D:1      | Reached XP level 2. HP: 17/20 MP: 2/2
   601 | D:1      | Reached skill level 6 in Stealth
   750 | D:1      | Reached XP level 3. HP: 25/25 MP: 3/3
  1042 | D:2      | Reached XP level 4. HP: 11/30 MP: 4/4
  1435 | D:2      | Found a hazy altar of Hepliaklqana.
  1770 | D:2      | Reached skill level 7 in Stealth
  2037 | D:3      | Noticed Ijyb
  2048 | D:3      | HP: 1/31 [orc/+0 dagger (4)]
  2051 | D:3      | Killed Ijyb
  2052 | D:3      | Reached XP level 5. HP: 2/36 MP: 5/5
  2488 | D:3      | Noticed Sigmund
  2494 | D:3      | Noticed Robin
  2495 | D:3      | Killed Sigmund
  2496 | D:3      | Reached skill level 8 in Stealth
  2496 | D:3      | Reached XP level 6. HP: 42/42 MP: 6/6
  2527 | D:3      | Killed Robin
  3341 | D:3      | Found a shimmering altar of Xom.
  3341 | D:3      | Found a broken altar of Ashenzari.
  3349 | D:3      | Found an ornate altar of the Wu Jian Council.
  3351 | D:3      | Found a faded altar of an unknown god.
  3352 | D:3      | Found a faded altar of an unknown god.
  3373 | D:3      | Became a worshipper of the Wu Jian Council
  3925 | D:4      | Reached XP level 7. HP: 25/47 MP: 7/7
  4084 | D:4      | Reached skill level 9 in Stealth
  4245 | D:4      | Learned a level 1 spell: Corona
  4395 | D:4      | Found Xifumat's Gadget Emporium.
  4420 | D:4      | Bought a wand of disintegration (9) for 143 gold pieces
  4460 | D:5      | Entered Level 5 of the Dungeon
  4518 | D:5      | Found a bloodstained altar of Trog.
  4849 | D:5      | Found a hide-covered altar of Uskayaw.
  4861 | D:5      | Found a basalt altar of Yredelemnul.
  4986 | D:5      | Reached * piety under Wu Jian
  4987 | D:5      | Reached skill level 10 in Stealth
  4987 | D:5      | Reached XP level 8. HP: 54/54 MP: 8/8
  5207 | D:5      | Found a snail-covered altar of Cheibriados.
  5271 | D:5      | Found a staircase to the Ecumenical Temple.
  5308 | D:6      | Noticed Maggie
  5308 | D:6      | Noticed Blork the orc
  5594 | D:6      | Reached skill level 11 in Stealth
  5790 | D:6      | Reached skill level 5 in Fighting
  5790 | D:6      | Reached skill level 1 in Slings
  5798 | D:6      | Noticed Menkaure
  5814 | D:6      | Killed Blork the orc
  5841 | D:6      | Killed Menkaure
  5870 | D:6      | Slain by a wight

Illustrated notes

Levels and vault maps discovered:
D:1:      dpeg_arrival_rooms_c, layout_basic, minmay_pentomino_o2
D:2:      layout_basic, old_standard_altar
D:3:      layout_basic, chequers_temple_overflow_minitemple, eino_tiny_chamber,
          minmay_goblin_kobold_house, uniq_robin, uniq_sigmund, uniq_ijyb
D:4:      layout_basic, serial_shops, shop
D:5:      minmay_diamond_boxcup, layout_cave_pools,
          amethyst_overflow_temple_binary, minmay_temple_entry_poolview,
          hangedman_feature_mirror
D:6:      minmay_chambers_of_fours, layout_rooms, uniq_edmund, uniq_maggie,
          uniq_menkaure, uniq_blork_the_orc

Skill      XL: |  1  2  3  4  5  6  7  8 |
---------------+-------------------------+-----
Stealth        | 6 7 8 10 11 | 11.6
Fighting       | 3 4 5 |  5.2
Short Blades   | 3 4 |  4.6
Dodging        | 2 |  2.3
Slings         | 2 |  2.1
Throwing       | |  2.9
Shields        | |  0.5

Action                   |  1- 3 |  4- 6 |  7- 9 || total
-------------------------+-------+-------+-------++-------
Melee: Dagger            |    49 |   112 |    69 ||   230
       Constrict         |    11 |    26 |    18 ||    55
       Tentacles         |    10 |    15 |    18 ||    43
 Fire: Hunting sling     |     5 |       |       ||     5
       Fustibalus        |       |       |    40 ||    40
Throw: Dart              |       |     6 |     1 ||     7
Invok: Lunge             |       |     2 |    18 ||    20
Evoke: Wand              |       |       |     1 ||     1
  Use: Potion            |     3 |     4 |     3 ||    10
       Scroll            |     4 |     4 |     4 ||    12
 Stab: Sleeping          |    10 |    16 |    15 ||    41
Armor: Skin              |     1 |     5 |       ||     6
Dodge: Dodged            |    14 |    28 |    19 ||    61
Block: Other             |       |     5 |     7 ||    12
